 Dungeon Crawl Stone Soup version 0.32-a0-656-g3542139ebd (webtiles) character file.

Game seed: 2912379881310993449

3304 cforsyth the Reanimator (level 9, -3/85 HPs)
             Began as a Mountain Dwarf Necromancer on Mar 8, 2024.
             Slain by a wyvern (8 damage)
             ... on level 7 of the Dungeon.
             The game lasted 00:18:26 (10324 turns).

cforsyth the Reanimator (MDNe)                     Turns: 10324, Time: 00:18:27

Health: -3/85      AC: 10    Str: 14    XL:     9   Next: 70%
Magic:  11/11      EV: 12    Int: 17    God:
Gold:   855        SH:  0    Dex: 10    Spells: 6/11 levels left

rFire   . . .        r - +4 hand axe (freeze)
rCold   + . .        (no shield)
rNeg    . . .        h - +0 chain mail
rPois   .            (no helmet)
rElec   .            (no cloak)
rCorr   .            k - +0 pair of gloves
SInv    .            (no boots)
Will    .....        (no amulet) Stlth
                     C - ring of protection from cold
HPRegen 0.34/turn    E - +5 ring of evasion
MPRegen 0.12/turn

%: no passive effects
@: no status effects
A: runic magic, artefact enchanting
a: no special abilities


You were on level 7 of the Dungeon.
You visited 1 branch of the dungeon, and saw 7 of its levels.
You also visited: Sewer.

You collected 855 gold pieces.


Innate Abilities, Weirdness & Mutations

Your spellcasting is much less encumbered by armour.
You can use scrolls of enchantment on lesser artefacts.


   Skills:
 + Level 10.0 Fighting
 + Level 3.6 Axes
 + Level 3.3 Armour
 - Level 1.3 Dodging
 - Level 1.4 Stealth
 - Level 1.7 Spellcasting
 + Level 11.0 Necromancy


You had 6 spell levels left.
You knew the following spells:

 Your Spells              Type           Power      Damage    Failure   Level
a - Animate Dead          Necr           38%        N/A       4%          4
X - Necrotise             Necr           100%       1d9       1%          1

Your spell library contained the following spells:

 Spells                   Type           Power      Damage    Failure   Level
 Vampiric Draining        Necr           38%        2d8       1%          3
 Curse of Agony           Necr           38%        N/A       12%         5
 Apportation              Tloc           2%         N/A       36%         1
 Blink                    Tloc           2%         N/A       52%         2
 Ensorcelled Hibernation  Hex/Ice        2%         N/A       52%         2
 Jinxbite                 Hex            2%         N/A       52%         2
 Lesser Beckoning         Tloc           2%         N/A       52%         2
 Momentum Strike          Conj/Tloc      2%         3d8       52%         2
 Call Canine Familiar     Summ           1%         N/A       75%         3
 Frozen Ramparts          Ice            2%         1d1       75%         3
 Passwall                 Erth           1%         N/A       75%         3
 Sigil of Binding         Hex            1%         N/A       75%         3
 Swiftness                Air            1%         N/A       75%         3
 Dimensional Bullseye     Hex/Tloc       0%         N/A       98%         4
 Leda's Liquefaction      Alch/Erth      0%         N/A       98%         4
 Petrify                  Alch/Erth      1%         N/A       98%         4
 Alistair's Intoxication  Alch           0%         N/A       100%        5
 Metabolic Englaciation   Hex/Ice        0%         N/A       100%        5

Inventory:

Hand Weapons
 d - a +1 dagger of venom
 r - a +4 hand axe of freezing (weapon)
Armour
 h - a +0 chain mail (worn)
 k - a +0 pair of gloves (worn)
Jewellery
 C - a ring of protection from cold (left hand)
 E - a +5 ring of evasion (right hand)
 N - a ring of positive energy
Wands
 c - a wand of polymorph (5)
 e - a wand of flame (20)
 q - a wand of light (2)
Scrolls
 a - a scroll of enchant weapon
 g - 2 scrolls of revelation
 i - 3 scrolls of teleportation {@r2}
 s - 4 scrolls of fog
Potions
 b - a potion of magic
 f - a potion of mutation
 j - 3 potions of berserk rage {!q}
 l - a potion of attraction
 m - a potion of ambrosia {unknown}
 n - a potion of haste {@q3}

Dungeon Overview and Level Annotations

Branches:
Dungeon (7/15)             Temple (0/1) D:7           Sewer (visited)

Altars:
Fedhas
Ru
Sif Muna
Uskayaw
Wu Jian
Xom
Zin

Annotations:
D:7 Maurice

#.# #.# #.# #k# ####
#.#### ▒▒▒▒▒▒▒
##≈§###....####
▒ß...ß▒##≈≈≈≈§#........
▒.....▒#≈.§≈§≈.........
▒..>..@k§§.≈...........
▒.....▒#≈≈§............
▒ß...ß▒##§≈##........<.
▒▒▒▒▒▒▒ #######......<.
###........ #....(.....
#.......... #######....
#####


You could see a wyvern (blind, unable to see you).


Message History

* * * LOW HITPOINT WARNING * * *
The wyvern bites you but does no damage.
You hit the wyvern but do no damage.
The wyvern is heavily wounded.
The wyvern bites you!
* * * LOW HITPOINT WARNING * * *
The wyvern misses you.
You barely miss the wyvern.
The wyvern is heavily wounded.
The wyvern bites you but does no damage.
You hit the wyvern. You freeze the wyvern.
The wyvern is severely wounded.
The wyvern barely misses you. The wyvern bites you.
* * * LOW HITPOINT WARNING * * *
You hit the wyvern but do no damage.
The wyvern is severely wounded.
The wyvern bites you!
* * * LOW HITPOINT WARNING * * *
The wyvern closely misses you.
You hit the wyvern. You freeze the wyvern.
The wyvern is severely wounded.
The wyvern completely misses you.
Unknown command.
Aiming: Bolt of Light
Press: ? - help, Shift-Dir - straight line, f - wyvern
Aim: a wyvern (severely wounded, 71% to hit)
The bolt of light hits the wyvern.
The wyvern is almost dead.
The wyvern is blinded.
The wyvern bites you!
You die...

Skill      XL: |  1  2  3  4  5  6  7  8  9 |
---------------+----------------------------+-----
Fighting       | 1 2 3 4 5 7 9 10 | 10.0
Necromancy     | 5 6 7 8 10 11 | 11.0
Axes           | 3 |  3.6
Armour         | 3 |  3.3
Dodging        | |  1.3
Stealth        | |  1.4
Spellcasting   | |  1.7

Action                     |  1- 3 |  4- 6 |  7- 9 || total
---------------------------+-------+-------+-------++-------
  Melee: Unarmed           |     4 |       |       ||     4
         Dagger            |    11 |   114 |   345 ||   470
         Hand axe          |       |       |   142 ||   142
   Cast: Necrotise         |    61 |    53 |     7 ||   121
  Evoke: Wand              |       |       |     8 ||     8
    Use: Potion            |       |     1 |     5 ||     6
         Scroll            |       |    10 |    12 ||    22
   Stab: Invisible         |       |       |     1 ||     1
 Armour: Robe              |    10 |       |       ||    10
         Chain mail        |    11 |    78 |   465 ||   554
  Dodge: Dodged            |    16 |    79 |   352 ||   447

Levels and vault maps discovered:
D:1:      sevenhm_arrival_forest_fort_large_2, layout_rooms,
          hellmonk_ecumenical_altar_crossroads
D:2:      layout_basic, basic_altar
D:3:      minmay_door_path, layout_basic, nicolae_overflow_hidden_temple,
          nicolae_ru_the_path_less_chosen
D:4:      layout_cave_pools, lemuel_coloured_pillars_altar,
          general_overflow_altar, cheibrodos_sewer_entry_bend, uniq_eustachio,
          uniq_edmund
D:5:      lemuel_insect_pit, layout_loops_ring, dancing_weapons_uskayaw,
          kennysheep_little_box, grunt_decor_cap, serial_bayou_lake_a
D:6:      cheibrodos_fertilizer, layout_loops_ring, uniq_blork_the_orc
D:7:      layout_rooms, overflow_temple_1_default,
          mainiacjoe_overflow_small_starburst, minmay_temple_entry_fiery,
          uniq_pikel, uniq_prince_ribbit1, uniq_maurice, uniq_crazy_yiuf_cottage

Notes
Turn   | Place    | Note
-------+----------+-------------------------------------------
     0 | D:1      | cforsyth the Mountain Dwarf Necromancer began the quest for
                  | the Orb.
     0 | D:1      | Reached XP level 1. HP: 14/14 MP: 3/3
   197 | D:1      | HP: 1/15 [frozen (4)]
   295 | D:1      | Found a faded altar of an unknown god.
   320 | D:1      | Reached skill level 1 in Fighting
   320 | D:1      | Reached XP level 2. HP: 17/23 MP: 0/4
  1090 | D:2      | Reached skill level 5 in Necromancy
  1093 | D:2      | Reached skill level 2 in Fighting
  1093 | D:2      | Reached XP level 3. HP: 28/29 MP: 0/5
  1500 | D:2      | Found a blossoming altar of Fedhas.
  1771 | D:2      | Reached XP level 4. HP: 30/37 MP: 1/6
  2557 | D:3      | Reached skill level 3 in Fighting
  2790 | D:3      | Noticed a scorpion
  2793 | D:3      | Killed a scorpion
  2794 | D:3      | Reached skill level 6 in Necromancy
  2794 | D:3      | Reached XP level 5. HP: 46/46 MP: 7/7
  2873 | D:3      | Reached skill level 4 in Fighting
  3030 | D:3      | Found an ornate altar of the Wu Jian Council.
  3140 | D:3      | Found a sacrificial altar of Ru.
  3287 | D:4      | Noticed Edmund
  3298 | D:4      | Noticed an ogre
  3327 | D:4      | Found a glowing silver altar of Zin.
  3343 | D:4      | Killed an ogre
  3344 | D:4      | Reached XP level 6. HP: 53/53 MP: 3/8
  3390 | D:4      | Found a glowing drain.
  3434 | Sewer    | Entered a sewer
  3443 | Sewer    | Noticed Pargi
  3453 | Sewer    | Killed Pargi
  3454 | Sewer    | Reached skill level 5 in Fighting
  3454 | Sewer    | Reached skill level 7 in Necromancy
  3582 | Sewer    | Reached XP level 7. HP: 61/61 MP: 9/9
  3919 | D:4      | Noticed Eustachio
  4074 | D:4      | Killed Edmund
  4075 | D:4      | Reached skill level 6 in Fighting
  4561 | D:3      | Killed Eustachio
  4562 | D:3      | Reached skill level 8 in Necromancy
  4815 | D:4      | Found a shimmering blue altar of Sif Muna.
  4931 | D:5      | Entered Level 5 of the Dungeon
  5389 | D:5      | Reached skill level 7 in Fighting
  5414 | D:5      | Reached XP level 8. HP: 17/66 MP: 10/10
  5886 | D:5      | Reached skill level 9 in Necromancy
  6157 | D:5      | Found a shimmering altar of Xom.
  6424 | D:5      | Found a runed translucent door.
  6432 | D:5      | Found a runed translucent door.
  6550 | D:5      | Reached skill level 8 in Fighting
  6612 | D:5      | Noticed a +0 hand axe
  6612 | D:5      | Noticed a +0 dagger
  6613 | D:5      | Found a hide-covered altar of Uskayaw.
  7190 | D:5      | Reached skill level 10 in Necromancy
  7434 | D:5      | Reached skill level 9 in Fighting
  7434 | D:5      | Reached XP level 9. HP: 72/83 MP: 11/11
  7486 | D:5      | Learned a level 4 spell: Animate Dead
  7933 | D:6      | Noticed Blork the orc
  8220 | D:5      | Identified a scroll of acquirement
  8220 | D:5      | Acquired 431 gold pieces
  8412 | D:6      | Reached skill level 1 in Axes
  8493 | D:6      | Reached skill level 1 in Armour
  9235 | D:6      | Killed Blork the orc
  9242 | D:6      | Reached skill level 2 in Axes
  9242 | D:6      | Reached skill level 2 in Armour
  9699 | D:6      | Reached skill level 3 in Axes
  9705 | D:6      | Reached skill level 3 in Armour
 10069 | D:7      | Noticed Maurice
 10257 | D:7      | Noticed Prince Ribbit
 10268 | D:7      | Killed Prince Ribbit
 10269 | D:7      | Reached skill level 10 in Fighting
 10269 | D:7      | Reached skill level 11 in Necromancy
 10288 | D:7      | Found a staircase to the Ecumenical Temple.
 10322 | D:7      | HP: 4/85 [wyvern (13)]
 10324 | D:7      | Slain by a wyvern

Vanquished Creatures
  Prince Ribbit (D:7)
  A slime creature (D:6)
  Eustachio (D:3)
  Edmund (D:4)
  Pargi (Sewer)
  2 black bears
  2 ogres
  A phantom (D:5)
  5 kobold brigands
  Blork the orc (D:6)
  A gnoll sergeant (D:6)
  A bullfrog (D:5)
  10 scorpions
  5 wights
  A hound (D:5)
  3 bombardier beetles
  8 jellies
  4 iguanas
  19 gnolls
  6 adders
  2 white imps (D:6)
  2 dart slugs
  5 ribbon worms
  3 orcs
  6 bats
  14 endoplasms
  13 giant cockroaches
  8 goblins
  3 hobgoblins
  2 jackals (D:2)
  8 kobolds
  3 quokkas (D:3)
  4 ball pythons
  6 frilled lizards
  6 rats
159 creatures vanquished.

Vanquished Creatures (collateral kills)
  An endoplasm (D:1)
1 creature vanquished.

Grand Total: 160 creatures vanquished

Table legend: (Time is in decaauts)
 A = Elapsed time spent in this place.
 B = Non-inter-level travel time spent in this place.
 C = Inter-level travel time spent in this place.
 D = Time resting spent in this place.
 E = Time spent auto-exploring this place.
 F = Levels seen in this place.
 G = Mean time per level.
                   A        B        C        D        E       F      G
               +--------+--------+--------+--------+--------+-----+--------+
         Total |  10390 |   9987 |    403 |   2098 |   5488 |   8 | 1298.8 |
       Dungeon |  10176 |   9773 |    403 |   2098 |   5339 |   7 | 1453.7 |
         Sewer |    214 |    214 |      0 |      0 |    149 |   1 |  214.0 |
               +--------+--------+--------+--------+--------+-----+--------+

Top non-repeatable levels by time:
     D:5: 2659 daAuts
     D:6: 1986 daAuts
     D:4: 1743 daAuts
     D:2: 1456 daAuts
     D:3: 1374 daAuts
     D:1: 847 daAuts
   Sewer: 214 daAuts
     D:7: 109 daAuts

Table legend:
 A = Non-vault XP
 B = Vault XP
 C = Vault XP percentage of total XP
 D = Non-vault monster count
 E = Vault monster count
 F = Vault count percentage of total count
                 A         B        C        D         E       F
            +---------+---------+-------+---------+---------+-------
      Total |    2421 |    2300 |  48.7 |     119 |      41 |  25.6
            +---------+---------+-------+---------+---------+-------
        D:1 |      32 |       0 |   0.0 |      19 |       0 |   0.0
        D:2 |      77 |       0 |   0.0 |      21 |       0 |   0.0
        D:3 |     143 |     279 |  66.1 |      22 |       4 |  15.4
        D:4 |     350 |     246 |  41.3 |      20 |       5 |  20.0
        D:5 |    1187 |     357 |  23.1 |      21 |       8 |  27.6
        D:6 |     632 |     882 |  58.3 |      16 |      15 |  48.4
        D:7 |       0 |     251 | 100.0 |       0 |       1 | 100.0
      Sewer |       0 |     285 | 100.0 |       0 |       8 | 100.0
            +---------+---------+-------+---------+---------+-------
